 Dungeon Crawl Stone Soup version 0.31-a0-133-gaae73658be (webtiles) character file.

Game seed: 17160641776280662606

876 Pimp the Chopper (level 8, -8/73 HPs)
             Began as a Hill Orc Monk on June 2, 2023.
             Was a Believer of Beogh.
             Mangled by a vampire mosquito (10 damage)
             ... on level 5 of the Dungeon.
             The game lasted 00:06:52 (4511 turns).

Pimp the Chopper (Hill Orc Monk)                    Turns: 4511, Time: 00:06:52

Health: -8/73      AC:  8    Str: 16 (19) XL:     8   Next: 4%
Magic:  8/8        EV:  9    Int:  6 (8)  God:    Beogh [**....]
Gold:   319        SH:  0    Dex: 15 (16) Spells: 7/7 levels left

rFire   . . .        a - +0 hand axe
rCold   + . .        d - orb {light}
rNeg    . . .        m - +0 chain mail
rPois   .            (no helmet)
rElec   .            (no cloak)
rCorr   .            (no gloves)
SInv    .            (no boots)
Will    .....        (no amulet)
Stlth   x              - ring of flight
HPRegen 0.32/turn    (no ring)
MPRegen 0.11/turn

%: no passive effects
@: flying, glowing
A: talons 1, agile 1, cold resistance 1, strong 1
a: Renounce Religion, Smiting


You were on level 5 of the Dungeon.
You worshipped Beogh.
Beogh was pleased with you.
You visited 1 branch of the dungeon, and saw 5 of its levels.

You collected 319 gold pieces.

Inventory:

Hand Weapons
 a - a +0 hand axe (weapon)
 v - the +1 dagger "String" {drain, +Blink rC+ MP+9}
   (You found it on level 3 of the Dungeon)

   rC:        It protects you from cold.
   MP:        It affects your magic capacity (+9).
   +Blink:    It lets you blink.
Armour
 b - a +0 robe
 d - an orb of light (worn)
 m - a +0 chain mail (worn)
Jewellery
 x - a ring of flight (left hand)
 y - an amulet of regeneration
 A - an amulet of faith
Wands
 u - a wand of light (7)
Scrolls
 e - 3 scrolls of identify {unknown}
 g - a scroll of enchant weapon {unknown}
 j - a scroll of summoning {unknown}
 o - a scroll of magic mapping {unknown}
 p - 3 scrolls of teleportation {unknown}
 q - 3 scrolls of amnesia {unknown}
 s - a scroll of immolation {unknown}
 t - a scroll of noise {unknown}
Potions
 f - a potion of mutation
 l - a potion of might {unknown}
 n - 2 potions of attraction {unknown}
 r - a potion of lignification {unknown}
 w - 4 potions of curing {unknown}
 z - a potion of enlightenment


   Skills:
 + Level 7.1 Fighting
 + Level 7.7 Axes
 + Level 4.8 Dodging


You had 7 spell levels left.
You didn't know any spells.
Your spell library contained the following spells:

 Spells                   Type           Power      Damage    Failure   Level
 Necrotise                Necr           0%         1d4       100%        1
 Sandblast                Erth           0%         2d4       100%        1
 Cigotuvi's Dreadful Rot  Necr/Pois/Air  0%         N/A       100%        2
 Passwall                 Tmut/Erth      0%         N/A       100%        2
 Ignite Poison            Fire/Tmut/Pois 0%         N/A       100%        3
 Stone Arrow              Conj/Erth      0%         3d7       100%        3
 Vampiric Draining        Necr           0%         2d6       100%        3
 Agony                    Necr           0%         N/A       100%        5
 Freezing Cloud           Conj/Ice/Air   0%         6-21      100%        5


Dungeon Overview and Level Annotations

Branches:
Dungeon (5/15)             Temple (0/1) D:5

Altars:
Cheibriados
Xom


Innate Abilities, Weirdness & Mutations

You have sharp toenails.
You are agile. (Dex +4, Str/Int -1)
Your flesh is cold resistant. (rC+)
Your muscles are strong. (Str +4, Int/Dex -1)


Message History

The vampire mosquito bites you.
The vampire mosquito draws strength from your injuries!
You hit the vampire mosquito but do no damage.
The vampire mosquito is almost destroyed.
The vampire mosquito bites you!
* * * LOW HITPOINT WARNING * * *
The vampire mosquito draws strength from your injuries!
The vampire mosquito bites you but does no damage.
You completely miss the vampire mosquito.
Your kick misses the vampire mosquito.
The vampire mosquito is heavily damaged.
The vampire mosquito bites you!
* * * LOW HITPOINT WARNING * * *
The vampire mosquito draws strength from your injuries!
You slash the vampire mosquito!
The vampire mosquito is severely damaged.
The vampire mosquito bites you but does no damage.
The vampire mosquito bites you!
* * * LOW HITPOINT WARNING * * *
The vampire mosquito draws strength from your injuries!
You feel much better. The vampire mosquito bites you.
* * * LOW HITPOINT WARNING * * *
The vampire mosquito draws strength from your injuries!
The vampire mosquito bites you!
* * * LOW HITPOINT WARNING * * *
The vampire mosquito draws strength from your injuries!
You hit the vampire mosquito.
The vampire mosquito is moderately damaged.
The vampire mosquito bites you but does no damage. x2
You closely miss the vampire mosquito. You claw the vampire mosquito.
The vampire mosquito is heavily damaged.
The vampire mosquito bites you!
* * * LOW HITPOINT WARNING * * *
The vampire mosquito draws strength from your injuries!
It was a potion of cancellation.
You feel magically purged. The vampire mosquito bites you.
* * * LOW HITPOINT WARNING * * *
The vampire mosquito draws strength from your injuries!
The vampire mosquito bites you!
You die...

..##.#...#...#.#...#...#...#
...#..#..#..#...#..#..#..#.# ###
##.#...#.#.#.....#.#.#..##.####..
#......###.......###.(.##.).....
##.############### ##########...
#....#........<# ##..
####......#)..## ###
###....#...### # #....#...@.#
#....#####y# ####.# #S# #.# ##y##
#.# #...# #.⌠.# #...# ##.##
#8...8#


You could see 2 vampire mosquitoes and an adder.

Vanquished Creatures
  Sigmund (D:5)
  An ice beast (D:5)
  A black bear (D:5)
  An ogre (D:4)
  A gnoll sergeant (D:3)
  A scorpion (D:5)
  A howler monkey (D:4)
  A sleepcap (D:4)
  2 iguanas
  5 gnolls (D:3)
  6 adders
  A shadow imp (D:5)
  A worm (D:2)
  8 dart slugs
  11 orcs
  7 endoplasms
  4 giant cockroaches
  5 goblins
  7 hobgoblins
  3 jackals (D:3)
  6 quokkas
  6 ball pythons
  5 bats
  A frilled lizard (D:1)
  4 kobolds
  A rat (D:2)
91 creatures vanquished.

Notes
Turn   | Place    | Note
-------+----------+-------------------------------------------
     0 | D:1      | Pimp the Hill Orc Monk began the quest for the Orb.
     0 | D:1      | Reached XP level 1. HP: 19/19 MP: 1/1
   198 | D:1      | Reached XP level 2. HP: 18/27 MP: 2/2
   603 | D:1      | Reached XP level 3. HP: 33/33 MP: 3/3
  1423 | D:2      | Reached XP level 4. HP: 33/41 MP: 4/4
  1754 | D:2      | Reached skill level 5 in Axes
  2046 | D:3      | Became a worshipper of Beogh the Brigand
  2046 | D:3      | Reached * piety under Beogh
  2046 | D:3      | Reached ** piety under Beogh
  2234 | D:3      | Reached XP level 5. HP: 17/47 MP: 5/5
  2433 | D:3      | Reached skill level 5 in Fighting
  2443 | D:3      | Gained mutation: Your muscles are strong. (Str +4, Int/Dex
                  | -1) [potion of mutation]
  2443 | D:3      | Gained mutation: Your flesh is cold resistant. (rC+)
                  | [potion of mutation]
  2443 | D:3      | Gained mutation: You have sharp toenails. [potion of
                  | mutation]
  2443 | D:3      | Gained mutation: You are agile. (Dex +4, Str/Int -1)
                  | [potion of mutation]
  2883 | D:3      | Identified the +1 dagger "String" {drain, +Blink rC+ MP+9}
  2962 | D:3      | Reached XP level 6. HP: 25/56 MP: 6/6
  3322 | D:3      | Found a shimmering altar of Xom.
  3842 | D:4      | Reached XP level 7. HP: 60/63 MP: 7/7
  3858 | D:4      | Found a snail-covered altar of Cheibriados.
  4080 | D:5      | Entered Level 5 of the Dungeon
  4250 | D:5      | Noticed Sigmund
  4272 | D:5      | Killed Sigmund
  4383 | D:5      | Reached XP level 8. HP: 49/73 MP: 8/8
  4471 | D:5      | Found a staircase to the Ecumenical Temple.
  4490 | D:5      | HP: 2/73 [vampire mosquito (6)]
  4511 | D:5      | HP: 2/73 [vampire mosquito (2)]
  4511 | D:5      | Mangled by a vampire mosquito

Illustrated notes

Levels and vault maps discovered:
D:1:      psy_arrival_fountain, layout_loops_cross
D:2:      layout_basic
D:3:      cheibrodos_helix_gallery, layout_loops_corners,
          nicolae_overflow_hidden_temple, serial_glass, glass_columns_a,
          glass_columns_a
D:4:      layout_cave_pools, cheibriados_altar_1
D:5:      layout_basic, minmay_temple_entry_antechambers,
          hangedman_decor_diamond_cutter, minmay_misc_feat_secret_circle,
          serial_bayou_pond_a, uniq_sigmund

Skill      XL: |  1  2  3  4  5  6  7 |
---------------+----------------------+-----
Fighting       | 4 5 6 7 |  7.1
Dodging        | 3 4 |  4.8
Axes           | 5 6 7 |  7.7

Action                     |  1- 3 |  4- 6 |  7- 9 || total
---------------------------+-------+-------+-------++-------
  Melee: Hand axe          |   118 |   147 |    62 ||   327
         Kick              |       |    28 |    26 ||    54
 Invoke: Convert to Beogh  |       |     1 |       ||     1
    Use: Potion            |       |     3 |     5 ||     8
 Armour: Robe              |    15 |       |       ||    15
         Chain mail        |    19 |    78 |    37 ||   134
  Dodge: Dodged            |    76 |    63 |    42 ||   181

Table legend: (Time is in decaauts)
 A = Elapsed time spent in this place.
 B = Non-inter-level travel time spent in this place.
 C = Inter-level travel time spent in this place.
 D = Time resting spent in this place.
 E = Time spent auto-exploring this place.
 F = Levels seen in this place.
 G = Mean time per level.
                   A        B        C        D        E       F      G
               +--------+--------+--------+--------+--------+-----+--------+
         Total |   4521 |   4311 |    210 |    476 |   2970 |   5 |  904.2 |
       Dungeon |   4521 |   4311 |    210 |    476 |   2970 |   5 |  904.2 |
               +--------+--------+--------+--------+--------+-----+--------+

Top non-repeatable levels by time:
     D:3: 1286 daAuts
     D:2: 1196 daAuts
     D:1: 1031 daAuts
     D:4: 578 daAuts
     D:5: 427 daAuts
